| TOP OF THE 1ST |
|
Birmingham Barons batting - Pitching for Portland Sea Dogs : RHP Marcus Golightly
|
|
Pitching: RHP Marcus Golightly
|
|
|
Batting: RHB Justin Walker
|
0-0: Ball 1-0: Foul Ball, location: 2F 1-1: Foul Ball, location: 2F 1-2: Hit by Pitch
|
|
Batting: LHB Ryan Karg
|
0-0: Called Strike Justin Walker steals 2nd base 0-1: Swinging Strike 0-2: Ball 1-2: Strikes out swinging
|
|
Batting: LHB Nick Ramsdell
|
0-0: Called Strike 0-1: Ball 1-1: Called Strike 1-2: 2-RUN HOME RUN (Flyball, 7D, EV 106.9 MPH), Distance : 411 ft
|
|
Batting: LHB Ryan Dyal
|
0-0: Ball 1-0: Foul Ball, location: 2F 1-1: Ball 2-1: Ball 3-1: Ground out 5-3 (Groundball, 5L, EV 81.9 MPH)
|
|
Batting: RHB Bobby Gulsby
|
0-0: Swinging Strike 0-1: Fly out, F9 (Flyball, 89D, EV 93.8 MPH)
|
| Top of the 1st over - 2 runs, 1 hit, 0 errors, 0 left on base; Birmingham 2 - Portland 0 |
| BOTTOM OF THE 1ST |
|
Portland Sea Dogs batting - Pitching for Birmingham Barons : RHP Alberto Castillo
|
|
Pitching: RHP Alberto Castillo
|
|
|
Batting: LHB Dave Reyes
|
0-0: Swinging Strike 0-1: Reached on error, E5 (Groundball, 56S, EV 67.5 MPH)
|
|
Batting: LHB Arcot Ramathorn
|
0-0: Called Strike 0-1: Ball 1-1: Ball 2-1: Foul Ball, location: 2F 2-2: Strikes out swinging
|
|
Batting: LHB Brent Albertson
|
0-0: Called Strike 0-1: Swinging Strike 0-2: DOUBLE (Line Drive, 78D, EV 102.5 MPH) Dave Reyes scores
|
|
Batting: RHB Dan Friess
|
0-0: Called Strike 0-1: Foul Ball, location: 2F 0-2: Ball 1-2: Ground out 6-3 (Groundball, 6M, EV 90.6 MPH) Brent Albertson to third
|
|
Batting: LHB Parker Lowe
|
0-0: Called Strike 0-1: Ball 1-1: Called Strike 1-2: Foul Ball, location: 2F 1-2: Foul Ball, location: 2F 1-2: Ball 2-2: Ball 3-2: Base on Balls
|
|
Batting: RHB Joe Evrard
|
0-0: Fly out, F7 (Flyball, 7S, EV 85.6 MPH)
|
| Bottom of the 1st over - 1 run, 1 hit, 1 error, 2 left on base; Birmingham 2 - Portland 1 |
| TOP OF THE 2ND |
|
Birmingham Barons batting - Pitching for Portland Sea Dogs : RHP Marcus Golightly
|
|
Batting: LHB Brian Snyder
|
0-0: Called Strike 0-1: Called Strike 0-2: Ball 1-2: Foul Ball, location: 2F 1-2: Strikes out looking
|
|
Batting: RHB Tony Reyna
|
0-0: Ball 1-0: Ball 2-0: Foul Ball, location: 2F 2-1: SINGLE (Groundball, 23, EV 61.2 MPH) (infield hit)
|
|
Batting: RHB Bill Williams
|
0-0: Ball 1-0: Ball 2-0: Foul Ball, location: 2F 2-1: Fly out, F8 (Line Drive, 8RD, EV 102.5 MPH)
|
|
Batting: RHB Sharafat Khanum
|
0-0: Ball 1-0: Called Strike Tony Reyna steals 2nd base 1-1: Called Strike 1-2: Ball 2-2: Ball 3-2: Strikes out swinging
|
| Top of the 2nd over - 0 runs, 1 hit, 0 errors, 1 left on base; Birmingham 2 - Portland 1 |
| BOTTOM OF THE 2ND |
|
Portland Sea Dogs batting - Pitching for Birmingham Barons : RHP Alberto Castillo
|
|
Batting: RHB David Clark
|
0-0: Called Strike 0-1: Called Strike 0-2: Ball 1-2: Strikes out looking
|
|
Batting: RHB Sean Lee
|
0-0: Called Strike 0-1: Swinging Strike 0-2: Ball 1-2: Foul Ball, location: 2F 1-2: Foul Ball, location: 2F 1-2: Strikes out swinging, 2-3 out at first.
|
|
Batting: RHB Pat Bulger
|
0-0: Ball 1-0: Foul Ball, location: 2F 1-1: Ball 2-1: Called Strike 2-2: Ball 3-2: Base on Balls
|
|
Batting: LHB Dave Reyes
|
0-0: Foul Ball, location: 2F 0-1: Ball 1-1: Swinging Strike 1-2: Ball 2-2: Strikes out looking
|
| Bottom of the 2nd over - 0 runs, 0 hits, 0 errors, 1 left on base; Birmingham 2 - Portland 1 |
| TOP OF THE 3RD |
|
Birmingham Barons batting - Pitching for Portland Sea Dogs : RHP Marcus Golightly
|
|
Batting: RHB Justin Walker
|
0-0: Called Strike 0-1: Foul Ball, location: 2F 0-2: Ball 1-2: Foul Ball, location: 2F 1-2: Ball 2-2: Foul Ball, location: 2F 2-2: Foul Ball, location: 2F 2-2: SINGLE (Line Drive, 7S, EV 100.6 MPH)
|
|
Batting: LHB Ryan Karg
|
0-0: Ball 1-0: Ball 2-0: Called Strike 2-1: Ball 3-1: Swinging Strike 3-2: Strikes out swinging
|
|
Batting: LHB Nick Ramsdell
|
0-0: Ball 1-0: Ball 2-0: Ball 3-0: Foul Ball, location: 2F 3-1: Foul Ball, location: 2F 3-2: Base on Balls Justin Walker to second
|
|
Batting: LHB Ryan Dyal
|
0-0: Called Strike 0-1: Ball 1-1: Grounds into double play, 4-6-3 (Groundball, 13, EV 85.6 MPH)
|
| Top of the 3rd over - 0 runs, 1 hit, 0 errors, 1 left on base; Birmingham 2 - Portland 1 |
| BOTTOM OF THE 3RD |
|
Portland Sea Dogs batting - Pitching for Birmingham Barons : RHP Alberto Castillo
|
|
Batting: LHB Arcot Ramathorn
|
0-0: Ball 1-0: Fly out, F8 (Flyball, 89D, EV 101.9 MPH)
|
|
Batting: LHB Brent Albertson
|
0-0: Fly out, F7 (Flyball, 7LS, EV 85.6 MPH)
|
|
Batting: RHB Dan Friess
|
0-0: Called Strike 0-1: Ball 1-1: Foul Ball, location: 2F 1-2: Ground out U3 (Groundball, 3S, EV 72.5 MPH)
|
| Bottom of the 3rd over - 0 runs, 0 hits, 0 errors, 0 left on base; Birmingham 2 - Portland 1 |
| TOP OF THE 4TH |
|
Birmingham Barons batting - Pitching for Portland Sea Dogs : RHP Marcus Golightly
|
|
Batting: RHB Bobby Gulsby
|
0-0: Ball 1-0: Foul Ball, location: 2F 1-1: Ball 2-1: Fly out, F7 (Line Drive, 7, EV 96.9 MPH)
|
|
Batting: LHB Brian Snyder
|
0-0: Called Strike 0-1: Ball 1-1: Foul Ball, location: 2F 1-2: Ground out 6-3 (Groundball, 4, EV 80.0 MPH)
|
|
Batting: RHB Tony Reyna
|
0-0: Called Strike 0-1: Ground out 1-3 (Groundball, 15S, EV 68.1 MPH)
|
| Top of the 4th over - 0 runs, 0 hits, 0 errors, 0 left on base; Birmingham 2 - Portland 1 |
| BOTTOM OF THE 4TH |
|
Portland Sea Dogs batting - Pitching for Birmingham Barons : RHP Alberto Castillo
|
|
Batting: LHB Parker Lowe
|
0-0: Fly out, F8 (Flyball, 8RS, EV 73.1 MPH)
|
|
Batting: RHB Joe Evrard
|
0-0: Ball 1-0: Fly out, F9 (Flyball, 9D, EV 80.0 MPH)
|
|
Batting: RHB David Clark
|
0-0: Foul Ball, location: 2F 0-1: Swinging Strike 0-2: SINGLE (Groundball, 56D, EV 95.6 MPH)
|
|
Batting: RHB Sean Lee
|
0-0: Swinging Strike 0-1: Ball 1-1: Ball 2-1: Ball 3-1: Ground out 6-3 (Groundball, 6S, EV 68.8 MPH)
|
| Bottom of the 4th over - 0 runs, 1 hit, 0 errors, 1 left on base; Birmingham 2 - Portland 1 |
| TOP OF THE 5TH |
|
Birmingham Barons batting - Pitching for Portland Sea Dogs : RHP Marcus Golightly
|
|
Batting: RHB Bill Williams
|
0-0: Foul Ball, location: 2F 0-1: SOLO HOME RUN (Flyball, 7LD, EV 98.1 MPH), Distance : 372 ft
|
|
Batting: RHB Sharafat Khanum
|
0-0: Called Strike 0-1: Called Strike 0-2: Ground out 6-3 (Groundball, 6M, EV 79.4 MPH)
|
|
Batting: RHB Justin Walker
|
0-0: Called Strike 0-1: Ball 1-1: SOLO HOME RUN (Flyball, 7LD, EV 100.0 MPH), Distance : 374 ft
|
|
Batting: LHB Ryan Karg
|
0-0: Ball 1-0: Ball 2-0: SOLO HOME RUN (Flyball, 9LD, EV 91.9 MPH), Distance : 345 ft
|
|
Pitching: RHP Toichi Komata
|
|
|
Batting: LHB Nick Ramsdell
|
0-0: Ball 1-0: Ball 2-0: Called Strike 2-1: Fly out, F9 (Line Drive, 9, EV 89.4 MPH)
|
|
Batting: LHB Ryan Dyal
|
0-0: Called Strike 0-1: Called Strike 0-2: Ball 1-2: Ground out 1-3 (Groundball, 34S, EV 65.0 MPH)
|
| Top of the 5th over - 3 runs, 3 hits, 0 errors, 0 left on base; Birmingham 5 - Portland 1 |
| BOTTOM OF THE 5TH |
|
Portland Sea Dogs batting - Pitching for Birmingham Barons : RHP Alberto Castillo
|
|
Batting: RHB Pat Bulger
|
0-0: Swinging Strike 0-1: Ball 1-1: Ground out 1-3 (Groundball, P, EV 69.4 MPH)
|
|
Batting: LHB Dave Reyes
|
0-0: Ball 1-0: Ball 2-0: Called Strike 2-1: Ball 3-1: Base on Balls
|
|
Batting: LHB Arcot Ramathorn
|
0-0: Ball Dave Reyes steals 2nd, throwing error, E2 Dave Reyes to third 1-0: Called Strike 1-1: Ball 2-1: DOUBLE (Flyball, 8RXD, EV 108.8 MPH) Dave Reyes scores
|
|
Pinch Runner at 2nd Carlos Nolasco:
|
|
|
Batting: LHB Brent Albertson
|
0-0: Swinging Strike 0-1: Ball 1-1: Foul Ball, location: 2F 1-2: Strikes out swinging
|
|
Batting: RHB Dan Friess
|
0-0: Ball 1-0: Swinging Strike 1-1: Called Strike 1-2: Ground out 3-1 (Groundball, 34S, EV 81.9 MPH)
|
| Bottom of the 5th over - 1 run, 1 hit, 1 error, 1 left on base; Birmingham 5 - Portland 2 |
| TOP OF THE 6TH |
|
Birmingham Barons batting - Pitching for Portland Sea Dogs : RHP Toichi Komata
|
|
Now at 3B: Carlos Nolasco
|
|
|
Batting: RHB Bobby Gulsby
|
0-0: Foul Ball, location: 2F 0-1: Ball 1-1: Foul Ball, location: 2F 1-2: Ground out 3-1 (Groundball, 34, EV 80.6 MPH)
|
|
Batting: LHB Brian Snyder
|
0-0: Ball 1-0: Ground out 4-3 (Groundball, 4, EV 101.9 MPH)
|
|
Batting: RHB Tony Reyna
|
0-0: Ball 1-0: Fly out, F7 (Line Drive, 7, EV 101.9 MPH)
|
| Top of the 6th over - 0 runs, 0 hits, 0 errors, 0 left on base; Birmingham 5 - Portland 2 |
| BOTTOM OF THE 6TH |
|
Portland Sea Dogs batting - Pitching for Birmingham Barons : RHP Alberto Castillo
|
|
Batting: LHB Parker Lowe
|
0-0: Ball 1-0: Called Strike 1-1: Ball 2-1: Swinging Strike 2-2: Ground out 2-3 (Groundball, 13S, EV 73.1 MPH)
|
|
Batting: RHB Joe Evrard
|
0-0: Ball 1-0: Swinging Strike 1-1: SOLO HOME RUN (Flyball, 7D, EV 101.2 MPH), Distance : 395 ft
|
|
Batting: RHB David Clark
|
0-0: Called Strike 0-1: Swinging Strike 0-2: Ball 1-2: Ball 2-2: Foul Ball, location: 2F 2-2: Ball 3-2: SINGLE (Flyball, 5D, EV 96.2 MPH)
|
|
Batting: RHB Sean Lee
|
0-0: Ball 1-0: Foul Ball, location: 2F 1-1: Foul Ball, location: 2F 1-2: Ball 2-2: Foul Ball, location: 2F 2-2: Ball 3-2: Foul Ball, location: 2F 3-2: Foul Ball, location: 2F 3-2: Strikes out swinging David Clark is caught stealing 2nd base 2-4 Batter strikes out.
|
| Bottom of the 6th over - 1 run, 2 hits, 0 errors, 0 left on base; Birmingham 5 - Portland 3 |
| TOP OF THE 7TH |
|
Birmingham Barons batting - Pitching for Portland Sea Dogs : RHP Toichi Komata
|
|
Batting: RHB Bill Williams
|
0-0: Ball 1-0: Called Strike 1-1: Foul Ball, location: 2F 1-2: Foul Ball, location: 2F 1-2: Strikes out swinging
|
|
Batting: RHB Sharafat Khanum
|
0-0: Ball 1-0: Called Strike 1-1: Ball 2-1: Ball 3-1: Base on Balls
|
|
Batting: RHB Justin Walker
|
0-0: Ball 1-0: Called Strike 1-1: Foul Ball, location: 2F 1-2: SINGLE (Line Drive, 4D, EV 96.9 MPH) Sharafat Khanum to second
|
|
Batting: LHB Ryan Karg
|
0-0: Called Strike 0-1: Foul Ball, location: 2F 0-2: Ball 1-2: Fly out, F7 (Flyball, 7, EV 95.0 MPH)
|
|
Batting: LHB Nick Ramsdell
|
0-0: Called Strike Sharafat Khanum steals 3rd base 0-1: Reached on error, E4 (Popup, 4S, EV 75.0 MPH) Sharafat Khanum scores Justin Walker to second
|
|
Batting: LHB Ryan Dyal
|
0-0: Ball 1-0: Ball 2-0: Foul Ball, location: 2F 2-1: DOUBLE (Line Drive, 78M, EV 89.4 MPH) Justin Walker scores Nick Ramsdell to third Runner from 3rd tries for Home, throw by LF and OUT! 7-6-2
|
| Top of the 7th over - 2 runs, 2 hits, 1 error, 1 left on base; Birmingham 7 - Portland 3 |
| BOTTOM OF THE 7TH |
|
Portland Sea Dogs batting - Pitching for Birmingham Barons : RHP Alberto Castillo
|
|
Pitching: RHP Jason Beard
|
|
|
Batting: RHB Pat Bulger
|
0-0: Ball 1-0: Ground out 5-3 (Groundball, 56, EV 103.1 MPH)
|
|
Batting: LHB Dave Reyes
|
0-0: Called Strike 0-1: Foul Ball, location: 2F 0-2: Ball 1-2: Ball 2-2: Ball 3-2: SINGLE (Groundball, 6M, EV 86.9 MPH) (infield hit)
|
|
Batting: RHB Carlos Nolasco
|
0-0: Ball 1-0: Ball Dave Reyes steals 2nd, throwing error, E2 Dave Reyes to third 2-0: Ground out 6-3 (Groundball, 6, EV 79.4 MPH) Dave Reyes scores
|
|
Batting: LHB Brent Albertson
|
0-0: Called Strike 0-1: Ball 1-1: Foul Ball, location: 2F 1-2: Ball 2-2: Ball 3-2: Foul Ball, location: 2F 3-2: Base on Balls
|
|
Batting: RHB Dan Friess
|
0-0: Ball 1-0: Called Strike 1-1: Ground out 4-3 (Groundball, 34, EV 85.0 MPH)
|
| Bottom of the 7th over - 1 run, 1 hit, 1 error, 1 left on base; Birmingham 7 - Portland 4 |
| TOP OF THE 8TH |
|
Birmingham Barons batting - Pitching for Portland Sea Dogs : RHP Toichi Komata
|
|
Pitching: LHP Josh Taylor
|
|
|
Batting: RHB Bobby Gulsby
|
0-0: Ball 1-0: Called Strike 1-1: Called Strike 1-2: Foul Ball, location: 2F 1-2: Foul Ball, location: 2F 1-2: Strikes out swinging
|
|
Batting: LHB Brian Snyder
|
0-0: Called Strike 0-1: SINGLE (Groundball, 34D, EV 105.6 MPH)
|
|
Batting: RHB Tony Reyna
|
0-0: Fly out, F8 (Flyball, 89XD, EV 96.2 MPH)
|
|
Batting: RHB Bill Williams
|
0-0: Ball 1-0: Swinging Strike 1-1: Ball 2-1: Swinging Strike 2-2: Foul Ball, location: 2F 2-2: Foul Ball, location: 2F 2-2: Ball 3-2: Base on Balls Brian Snyder to second
|
|
Batting: RHB Sharafat Khanum
|
0-0: Called Strike 0-1: Foul Ball, location: 2F 0-2: Strikes out swinging
|
| Top of the 8th over - 0 runs, 1 hit, 0 errors, 2 left on base; Birmingham 7 - Portland 4 |
| BOTTOM OF THE 8TH |
|
Portland Sea Dogs batting - Pitching for Birmingham Barons : RHP Jason Beard
|
|
Pitching: LHP Craig Poor
|
|
|
Now at 2B: Sharafat Khanum
|
|
|
Now at SS: Justin Thacker
|
|
|
Pinch Hitting: RHB Chris Carlin
|
0-0: Ball 1-0: Ball 2-0: Ball 3-0: Fly out, F8 (Flyball, 8LM, EV 94.4 MPH)
|
|
Pitching: RHP Ryan Columbo
|
|
|
Now at 1B: Sharafat Khanum
|
|
|
Now at 2B: Justin Thacker
|
|
|
Now at SS: Dieter Knoops
|
|
|
Batting: RHB Joe Evrard
|
0-0: Called Strike 0-1: Ball 1-1: Ball 2-1: Foul Ball, location: 2F 2-2: Ball 3-2: Foul Ball, location: 2F 3-2: Ground out 5-3 (Groundball, 5D, EV 110.0 MPH)
|
|
Batting: RHB David Clark
|
0-0: Swinging Strike 0-1: Fly out, F8 (Flyball, 8RM, EV 91.9 MPH)
|
| Bottom of the 8th over - 0 runs, 0 hits, 0 errors, 0 left on base; Birmingham 7 - Portland 4 |
| TOP OF THE 9TH |
|
Birmingham Barons batting - Pitching for Portland Sea Dogs : LHP Josh Taylor
|
|
Pitching: RHP Dakota McAdam
|
|
|
Now at 1B: Chris Carlin
|
|
|
Batting: RHB Justin Walker
|
0-0: Ball 1-0: Ball 2-0: Swinging Strike 2-1: Called Strike 2-2: SINGLE (Groundball, 56D, EV 96.2 MPH)
|
|
Batting: RHB Dieter Knoops
|
0-0: Ball 1-0: Called Strike 1-1: Swinging Strike 1-2: Ball 2-2: Fly out, F7 (Flyball, 7LS, EV 89.4 MPH)
|
|
Batting: LHB Nick Ramsdell
|
0-0: Ball 1-0: Ball 2-0: Called Strike 2-1: Called Strike Justin Walker steals 2nd base 2-2: Ball 3-2: Ground out 6-3 (Groundball, 6, EV 88.8 MPH) Justin Walker to third
|
|
Batting: RHB Justin Thacker
|
0-0: Ball 1-0: Ground out 6-3 (Groundball, 4MS, EV 69.4 MPH)
|
| Top of the 9th over - 0 runs, 1 hit, 0 errors, 1 left on base; Birmingham 7 - Portland 4 |
| BOTTOM OF THE 9TH |
|
Portland Sea Dogs batting - Pitching for Birmingham Barons : RHP Ryan Columbo
|
|
Pitching: LHP Rhett Beers
|
|
|
Now at 1B: D.J. McManigle
|
|
|
Now at 2B: Sharafat Khanum
|
|
|
Now in LF: Casey McKinney
|
|
|
Batting: RHB Sean Lee
|
0-0: Called Strike 0-1: Ball 1-1: Foul Ball, location: 2F 1-2: Strikes out swinging
|
|
Batting: RHB Pat Bulger
|
0-0: Fly out, F3 (Popup, 3SF, EV 82.5 MPH)
|
|
Batting: LHB Dave Reyes
|
0-0: Called Strike 0-1: Ball 1-1: Ball 2-1: Ball 3-1: Base on Balls
|
|
Batting: RHB Carlos Nolasco
|
0-0: Foul Ball, location: 2F 0-1: Swinging Strike 0-2: Strikes out looking
|
| Bottom of the 9th over - 0 runs, 0 hits, 0 errors, 1 left on base; Birmingham 7 - Portland 4 |
|